 Dungeon Crawl Stone Soup version 0.24-a0-736-g4e6fe308c7 (webtiles) character file.

Game seed: 499804465024014415, levelgen mode: deterministic

177 Kohma the Conjurer (level 5, -1/41 HPs)
             Began as a Draconian Conjurer on Oct 2, 2019.
             Slain by an iguana (12 damage)
             ... on level 4 of the Dungeon.
             The game lasted 00:08:50 (3169 turns).

Kohma the Conjurer (Draconian Conjurer)             Turns: 3169, Time: 00:08:50

Health: -1/41      AC:  6    Str: 11    XL:     5   Next: 30%
Magic:  3/9        EV: 12    Int: 16    God:
Gold:   198        SH:  4    Dex: 11    Spells: 2/9 levels left

rFire    . . .     SeeInvis .   r - +5 short sword (flame)
rCold    . . .     Gourm    .   d - +0 buckler
rNeg     . . .     Faith    .   (armour unavailable)
rPois    .         Spirit   .   (helmet restricted)
rElec    .         Reflect  .   (no cloak)
rCorr    .         Harm     .   n - +0 pair of gloves
MR       .....                  (no boots)
Stlth    ++........             (no amulet)
HPRegen  0.13/turn              (no ring)
MPRegen  0.11/turn              (no ring)

@: no status effects
A: unfitting armour, cold-blooded, AC +5
a: no special abilities


You were on level 4 of the Dungeon.
You were not hungry.

You visited 1 branch of the dungeon, and saw 4 of its levels.

You collected 198 gold pieces.

Inventory:

Hand Weapons
 r - a +5 short sword of flaming (weapon)
Missiles
 a - 77 stones (quivered)
 f - a throwing net
 i - 20 arrows
 j - 28 sling bullets
Armour
 d - a +0 buckler (worn)
 n - a +0 pair of gloves (worn)
Scrolls
 e - 2 scrolls of identify
 g - a scroll of fear {unknown}
 h - 2 scrolls of enchant weapon {unknown}
 k - a scroll of random uselessness {unknown}
 m - 2 scrolls of amnesia {unknown}
 t - a scroll of remove curse {unknown}
Potions
 l - a potion of haste {unknown}
 o - a potion of curing
 p - a potion of berserk rage {unknown}
 q - 2 potions of agility {unknown}
 s - a potion of cancellation {unknown}
Comestibles
 b - a ration
 c - 5 chunks of flesh


   Skills:
 + Level 1.9 Fighting
 - Level 1.7 Dodging
 - Level 1.7 Stealth
 * Level 2.6 Shields
 + Level 2.8 Spellcasting
 * Level 5.0 Conjurations


You had 2 spell levels left.
You knew the following spells:

 Your Spells              Type           Power        Failure   Level  Hunger
a - Magic Dart            Conj           ###.         2%          1    #......
b - Searing Ray           Conj           ###...       4%          2    ##.....
c - Iskenderun's Mystic   Conj           ###.....     28%         4    #####..

Your spell library contained the following spells:

 Spells                   Type           Power        Failure   Level  Hunger
 Beastly Appendage        Tmut           #.....       22%         1    #......
 Sticks to Snakes         Tmut           #.......     34%         2    ##.....
 Dazzling Spray           Conj/Hex       ##....       24%         3    ###....
 Spider Form              Tmut/Pois      #.........   56%         3    ###....
 Force Lance              Conj/Tloc      ##......     63%         4    #####..
 Fulminant Prism          Conj/Hex       ##........   63%         4    #####..
 Ice Form                 Ice/Tmut       #.......     92%         4    #####..
 Blade Hands              Tmut           #.........   99%         5    ######.


Dungeon Overview and Level Annotations

Branches:
Dungeon (4/15)
 Temple: D:4-7

Altars:
Nemelex Xobeh
Qazlal

Shops:
D:4 =(

Annotations:
D:3 1 runed translucent door, MisterFreud's ghost, amateur OpFi


Innate Abilities, Weirdness & Mutations

Your plain brown scales are hard. (AC +5)
You cannot fit into any form of body armour.
You are cold-blooded and may be slowed by cold attacks.


Message History

The gnoll hits you but does no damage.
The gnoll hits you from afar with a +0 spear.
* * * LOW HITPOINT WARNING * * *
You open the door. The gnoll hits you with a +0 spear.
* * * LOW HITPOINT WARNING * * *
The gnoll misses you.
Found a hand axe.
The gnoll hits you but does no damage.
Found Miqemp's Jewellery Shoppe.
There is an open door here.
The gnoll barely misses you.
You open the door.
An iguana comes into view.
There is an open door here.
The helpless iguana fails to defend itself.
You puncture the iguana! You burn the iguana.
The iguana is severely wounded.
You block the iguana's attack. The gnoll closely misses you.
The iguana bites you!
You die...

....###....#.# #.# ....
#....#.########.# #. ....
#.............#.##########.
....
#.....g.......#..........#.
...<
#.##..........####[...##.#.
.... #.##.#'########
#.##....#. ###. #. #.#.gg.#
#.#######. #.
..#≈≈≈.########.........
...≈≈≈≈≈@l...............
###...∩≈≈###.############.
##≈≈≈≈≈# #. .)#≈≈≈.# ..
........# ... ##...###.
.... #.#. . #.... ..# #....


You could see an iguana and 2 gnolls.

Vanquished Creatures
  A hound (D:3)
  Terence (D:2)
  6 gnolls (D:4)
  An adder (D:2)
  An ooze (D:1)
  A worm (D:2)
  A dart slug (D:2)
  2 leopard geckos (D:1)
  3 bats
  2 giant cockroaches
  8 goblins
  9 hobgoblins
  2 jackals (D:2)
  5 kobolds
  A frilled lizard (D:2)
  3 rats
47 creatures vanquished.

Notes
Turn   | Place    | Note
-------+----------+-------------------------------------------
     0 | D:1      | Kohma the Draconian Conjurer began the quest for the Orb.
     0 | D:1      | Reached XP level 1. HP: 14/14 MP: 3/3
   199 | D:1      | Reached XP level 2. HP: 17/22 MP: 0/5
   451 | D:1      | Reached skill level 1 in Shields
   748 | D:2      | Found a sparkling altar of Nemelex Xobeh.
   816 | D:2      | Reached XP level 3. HP: 26/27 MP: 3/6
   933 | D:2      | Reached skill level 1 in Fighting
  1351 | D:2      | Learned a level 2 spell: Searing Ray
  1591 | D:2      | Noticed Terence
  1617 | D:2      | Killed Terence
  1617 | D:2      | Reached XP level 4. HP: 10/35 MP: 0/7
  1845 | D:2      | Learned a level 4 spell: Iskenderun's Mystic Blast
  2000 | D:3      | Found a runed translucent door.
  2012 | D:3      | Noticed MisterFreud's ghost (amateur OpFi)
  2121 | D:3      | Found a stormy altar of Qazlal.
  2298 | D:3      | Identified the +4 shortbow of Neurosis {venom, +Blink rC++
                  | rN+}
  2936 | D:4      | Reached XP level 5. HP: 41/41 MP: 5/9
  3019 | D:4      | Reached skill level 5 in Conjurations
  3057 | D:4      | Found Alufusch's Antique Weapon Shoppe.
  3148 | D:4      | HP: 1/41 [gnoll/+0 spear (2)]
  3162 | D:4      | Found Miqemp's Jewellery Shoppe.
  3169 | D:4      | Slain by an iguana

Levels and vault maps discovered:
D:1:      shiori_arrival_oz, layout_rooms
D:2:      layout_loops_ring, serial_rivers, chequers_serial_rivers_micro_d,
          chequers_serial_rivers_micro_c, chequers_serial_rivers_large_a,
          chequers_serial_rivers_marsh, nemelex_lonely_heart_becter,
          uniq_terence
D:3:      layout_basic, lemuel_round_altar, ebering_ghost_inner_flame
D:4:      layout_basic, ebering_ghost_sewer_d, serial_shops, shop, shop,
          nicolae_shop_window_shopping, nicolae_shop_waterfront, first_ration,
          kennysheep_generic_room_14, uniq_grinder, uniq_eustachio

Skill      XL: |  1  2  3  4  5 |
---------------+----------------+-----
Shields        | 1 2 |  2.6
Fighting       | 1 |  1.9
Conjurations   | 5 |  5.0
Dodging        | |  1.7
Stealth        | |  1.7
Spellcasting   | |  2.8

Action                   |  1- 3 |  4- 6 || total
-------------------------+-------+-------++-------
Melee: Dagger            |    38 |       ||    38
       Tailslap          |     5 |       ||     5
       Short sword       |       |     3 ||     3
 Cast: Magic Dart        |    68 |    27 ||    95
       Searing Ray       |     1 |     6 ||     7
  Use: Scroll            |       |     1 ||     1
       Potion            |       |     1 ||     1
 Stab: Sleeping          |       |     1 ||     1
  Eat: Chunk             |     3 |     2 ||     5
       Ration            |       |     1 ||     1
Armor: Skin              |     7 |    17 ||    24
Dodge: Dodged            |    25 |    23 ||    48
Block: Buckler           |     9 |     9 ||    18

Table legend:
 A = Non-vault XP
 B = Vault XP
 C = Vault XP percentage of total XP
 D = Non-vault monster count
 E = Vault monster count
 F = Vault count percentage of total count
                 A         B        C        D         E       F
            +---------+---------+-------+---------+---------+-------
      Total |     216 |      37 |  14.6 |      45 |       2 |   4.3
            +---------+---------+-------+---------+---------+-------
        D:1 |      35 |       1 |   2.8 |      15 |       1 |   6.2
        D:2 |      45 |      36 |  44.4 |      16 |       1 |   5.9
        D:3 |      51 |       0 |   0.0 |       8 |       0 |   0.0
        D:4 |      85 |       0 |   0.0 |       6 |       0 |   0.0
            +---------+---------+-------+---------+---------+-------
